 Dungeon Crawl Stone Soup version 0.29-a0-334-gb41bcbb86e (webtiles) character file.

Game seed: 13344203803543102755

408 spaghetti the Chucker (level 6, -5/39 HPs)
             Began as an Octopode Brigand on Apr 14, 2022.
             Splashed by a jelly's acid (9 damage)
             ... on level 4 of the Dungeon.
             The game lasted 00:04:25 (4393 turns).

spaghetti the Chucker (Octopode Brigand)            Turns: 4393, Time: 00:04:25

Health: -5/39      AC: -7    Str: 10    XL:     6   Next: 88%
Magic:  6/6        EV: 12    Int: 13    God:
Gold:   132        SH:  3    Dex: 16    Spells: 5/5 levels left

rFire   . . .      SeeInvis .   h - +1 spear (freeze) {polearm}
rCold   . . .      Faith    .   l - +0 buckler
rNeg    . . .      Spirit   .   (helmet restricted)
rPois   .          Reflect  .   (no amulet)
rElec   .          Harm     .   (no ring)
rCorr   .          Rampage  .   (no ring)
Will    .....                   (no ring)
Stlth   ++++......              (no ring)
HPRegen 0.13/turn               (no ring)
MPRegen 0.10/turn               (no ring)
                                (no ring)
                                (no ring)

@: mighty, corroded
A: almost no armour, amphibious, 8 rings, camouflage 1, gelatinous body 1,
(nimble swimmer 1), tentacles
a: no special abilities


You were on level 4 of the Dungeon.
You visited 1 branch of the dungeon, and saw 4 of its levels.

You collected 132 gold pieces.


Innate Abilities, Weirdness & Mutations

You cannot wear most types of armour.
You are amphibious.
You can wear up to eight rings at the same time.
Your skin changes colour to match your surroundings (Stealth+).
Your rubbery body absorbs attacks. (AC +1, EV +1)
((You are camouflaged when in or above water. (Stealth+)))
You have tentacles for arms and can constrict up to eight enemies at once.


   Skills:
 - Level 2.0 Fighting
 - Level 2.0 Short Blades
 + Level 7.1 Throwing
 - Level 1.0 Dodging
 - Level 5.3 Stealth


You had 5 spell levels left.
You didn't know any spells.
Your spell library contained the following spells:

 Spells                   Type           Power      Damage    Failure   Level
 Sandblast                Erth           0%         2d4       38%         1
 Summon Small Mammal      Summ           0%         N/A       38%         1
 Passwall                 Tmut/Erth      0%         N/A       54%         2
 Call Canine Familiar     Summ           0%         N/A       77%         3
 Stone Arrow              Conj/Erth      0%         3d7       77%         3
 Summon Guardian Golem    Hex/Summ       0%         N/A       77%         3

Inventory:

Hand Weapons
 a - a +2 dagger {short}
 h - a +1 spear of freezing (weapon) {polearm}
   (You found it on level 1 of the Dungeon)
Missiles
 b - 9 poisoned darts {throwing}
 c - 3 curare-tipped darts {=fthrowing}
 d - 168 stones (quivered) {throwing}
 p - 3 silver boomerangs {throwing}
 w - 5 javelins {throwing}
Armour
 l - a +0 buckler (worn)
   (You found it on level 2 of the Dungeon)
Jewellery
 t - a ring of positive energy
   (You took it off a kobold on level 3 of the Dungeon)
 x - a ring of poison resistance
   (You found it on level 4 of the Dungeon)
Scrolls
 e - a scroll of brand weapon {unknown}
 f - 2 scrolls of noise {unknown}
 i - 5 scrolls of identify {unknown}
 j - 4 scrolls of vulnerability {unknown}
 k - 3 scrolls of teleportation {unknown}
 o - a scroll of holy word {unknown}
 r - a scroll of magic mapping {unknown}
 v - a scroll of fear {unknown}
Potions
 g - a potion of ambrosia {unknown}
 n - a potion of mutation {unknown}
 q - a potion of curing {unknown}
 s - a potion of degeneration {unknown}
 u - a potion of brilliance {unknown}
 z - a potion of flight {unknown}

Dungeon Overview and Level Annotations

Branches:
Dungeon (4/15)
 Temple: D:4-7

Altars:
Nemelex Xobeh
The Shining One

Shops:
D:1 [   D:4 *

Annotations:
D:1 1 runed translucent door

###............... ..........
..#............... ..........
..#............... ..........
..#............... ..........
..'............... ..........
###............... ..........
..###'#.....#################+###
....###############.............#
....# .......@...............#
....# .#..#.J#...............#
....# ......................#
....# ....(..................#
..### ..........####.##...####
..### .#..#..#..####.##...##.#
....# ((...........)..........
....###############..............
........#.....#..................


You could see a jelly.


Message History

You open the door.
There is an open door here.
Key pressed, stopping explore.
z - a glowing grey potion You now have 132 gold pieces (gained 12).
There is an open door here.
There is an open door here.
You open the door.
There is an open door here.
Key pressed, stopping explore.
A goblin comes into view. It is wielding a +0 club.
You throw a stone {throwing}.
The stone {throwing} hits the goblin but does no damage.
The goblin shouts!
You throw a stone {throwing}. The stone {throwing} hits the goblin.
You kill the goblin!
No target in view!
No target in view!
No target in view!
No target in view!
No target in view!
No target in view!
No target in view!
No target in view!
No target in view!
No target in view!
No target in view!
No target in view!
No target in view!
No target in view!
You pick up a book of Geomancy and begin reading...
You add the spells Sandblast, Passwall and Stone Arrow to your library.
d - 172 stones {throwing} (gained 1)
You see here a +0 club {mace}.
You open the door.
There is an open door here.
As you open the door, it creaks loudly!
There is an open door here.
There is an open door here.
You open the door.
There is an open door here.
Found a stone staircase leading up.
You open the door.
There is an open door here.
There is an open door here.
There is an open door here.
There is an open door here.
Key pressed, stopping explore.
You open the door.
There is an open door here.
You open the door.
There is an open door here.
There is an open door here.
There is an open door here.
An adder comes into view.
An adder is nearby!
You throw a stone {throwing}. The stone {throwing} hits the adder.
The adder hisses angrily.
A jelly comes into view.
You throw a stone {throwing}. The stone {throwing} misses the adder.
The jelly quivers.
You throw a stone {throwing}.
The stone {throwing} closely misses the adder.
You throw a stone {throwing}. The stone {throwing} hits the adder.
You reach to attack!
You completely miss the adder. You closely miss the adder. You grab the adder.
You constrict the adder. The adder barely misses you. x2
You hit the adder. You freeze the adder.
You kill the adder!
You reach to attack!
You hit the jelly. You freeze the jelly. You block the jelly's attack.
You hit the jelly. You freeze the jelly. The acid corrodes you!
Your tentacles burn!
You squeeze the jelly. The jelly hits you.
You are splashed with acid! 😮 HP[-12]
You take 12 damage, and now have 27/39 hp.
MASSIVE DAMAGE!! (PAUSE)
You hit the jelly but do no damage.
Your tentacles burn!
The jelly hits you.
You are splashed with acid!
* * * LOW HITPOINT WARNING * * *
😨 HP[-12]
You take 12 damage, and now have 15/39 hp.
MASSIVE DAMAGE!! (PAUSE)
You hit the jelly but do no damage.
Your tentacles burn!
* * * LOW HITPOINT WARNING * * *
The jelly hits you.
* * * LOW HITPOINT WARNING * * *
You are splashed with acid!
* * * LOW HITPOINT WARNING * * *
😱 HP[-10]
You take 10 damage, and now have 5/39 hp.
MASSIVE DAMAGE!! (PAUSE)
Okay, then.
Okay, then.
It was a potion of might.
You feel very mighty all of a sudden. The jelly hits you.
* * * LOW HITPOINT WARNING * * *
The acid corrodes you!
You are splashed with acid!
You die...

Skill      XL: |  1  2  3  4  5  6 |
---------------+-------------------+-----
Throwing       | 3 4 5 6 7 |  7.1
Fighting       | |  2.0
Short Blades   | |  2.0
Dodging        | |  1.0
Stealth        | |  5.3

Action                   |  1- 3 |  4- 6 || total
-------------------------+-------+-------++-------
Melee: Dagger            |    27 |       ||    27
       Constrict         |     9 |    22 ||    31
       Tentacles         |     7 |    16 ||    23
       Spear             |    15 |   103 ||   118
       Punch             |       |     1 ||     1
Throw: Dart              |     6 |       ||     6
       Stone             |    39 |    92 ||   131
  Use: Potion            |       |     2 ||     2
 Stab: Sleeping          |     8 |     5 ||    13
Armor: Skin              |     1 |     3 ||     4
Dodge: Dodged            |     8 |    34 ||    42
Block: Buckler           |       |     9 ||     9

Levels and vault maps discovered:
D:1:      dpeg_arrival_caged_fury, layout_loops_cross, serial_shops,
          shop_fountains, bh_walls_and_bars
D:2:      layout_basic, hellmonk_ecumenical_altar_prayer_group, uniq_natasha
D:3:      layout_loops_corners, lemuel_doored_altar,
          lemuel_coloured_pillars_altar, supply_closet_lemuel
D:4:      layout_gridville, tgw_kikubaaqudgha, lemuel_round_altar, temple_hall,
          serial_shops, nicolae_lakefront_shop

Notes
Turn   | Place    | Note
-------+----------+-------------------------------------------
     0 | D:1      | spaghetti the Octopode Brigand began the quest for the Orb.
     0 | D:1      | Reached XP level 1. HP: 14/14 MP: 1/1
     0 | D:1      | magus.rc [v1.9.6]
     1 | D:1      | Found a runed translucent door.
   276 | D:1      | Reached XP level 2. HP: 8/19 MP: 2/2
   508 | D:1      | Found Jashoedu's Antique Armour Boutique.
   528 | D:1      | Reached skill level 3 in Throwing
   699 | D:1      | Reached XP level 3. HP: 15/24 MP: 3/3
  1395 | D:2      | Noticed Natasha
  1398 | D:2      | Killed Natasha
  1399 | D:2      | Reached skill level 4 in Throwing
  1399 | D:2      | Reached XP level 4. HP: 17/29 MP: 4/4
  1557 | D:2      | Found a faded altar of an unknown god.
  1936 | D:2      | Noticed Natasha
  1940 | D:2      | Killed Natasha
  1941 | D:2      | Reached skill level 5 in Throwing
  1941 | D:2      | Reached XP level 5. HP: 22/34 MP: 5/5
  2207 | D:2      | Noticed Natasha
  2213 | D:2      | Killed Natasha
  2508 | D:3      | Found a glowing golden altar of the Shining One.
  3307 | D:3      | Found a sparkling altar of Nemelex Xobeh.
  3442 | D:4      | Reached skill level 6 in Throwing
  3456 | D:4      | Reached XP level 6. HP: 38/39 MP: 6/6
  3830 | D:4      | Found Sehunaqa's General Store.
  4015 | D:4      | You pick up a book of Callings and begin reading...
  4015 | D:4      | You add the spells Summon Small Mammal, Call Canine
                  | Familiar and Summon Guardian Golem to your library.
  4060 | D:4      | Reached skill level 7 in Throwing
  4283 | D:4      | You pick up a book of Geomancy and begin reading...
  4283 | D:4      | You add the spells Sandblast, Passwall and Stone Arrow to
                  | your library.
  4392 | D:4      | HP: 5/39 [acid (8)]
  4393 | D:4      | Splashed by a jelly's acid

Vanquished Creatures
  3 hounds (D:4)
  An orc priest (D:4)
  Natasha (thrice) (D:2)
  An iguana (D:4)
  6 adders
  5 gnolls
  3 worms
  7 orcs
  6 ball pythons
  4 bats
  4 endoplasms
  2 giant cockroaches
  10 goblins
  7 hobgoblins
  2 jackals (D:2)
  5 quokkas (D:1)
  3 frilled lizards (D:1)
  2 kobolds
  8 rats
82 creatures vanquished.

Table legend:
 A = Non-vault XP
 B = Vault XP
 C = Vault XP percentage of total XP
 D = Non-vault monster count
 E = Vault monster count
 F = Vault count percentage of total count
                 A         B        C        D         E       F
            +---------+---------+-------+---------+---------+-------
      Total |     547 |      37 |   6.3 |      80 |       2 |   2.4
            +---------+---------+-------+---------+---------+-------
        D:1 |      62 |       0 |   0.0 |      29 |       0 |   0.0
        D:2 |     137 |      37 |  21.3 |      19 |       2 |   9.5
        D:3 |      56 |       0 |   0.0 |      15 |       0 |   0.0
        D:4 |     292 |       0 |   0.0 |      17 |       0 |   0.0
            +---------+---------+-------+---------+---------+-------

Illustrated notes

Table legend:
 A = Kills in this place as a percentage of kills in entire the game.
 B = Kills by you in this place as a percentage of kills by you in the entire game.
 C = Kills by friends in this place as a percentage of kills by friends in the entire game.
 D = Other kills in this place as a percentage of other kills in the entire game.
 E = Experience gained in this place as a percentage of experience gained in the entire game.
 F = Experience gained in this place divided by the number of levels of this place that you have seen.
                   A       B       C       D       E      F
               +-------+-------+-------+-------+-------+----------------------
         Total | 100.0 | 100.0 |   N/A |   N/A | 100.0 | 146.0
       Dungeon | 100.0 | 100.0 |   N/A |   N/A | 100.0 | 146.0
               +-------+-------+-------+-------+-------+----------------------

Table legend: (Time is in decaauts)
 A = Elapsed time spent in this place.
 B = Non-inter-level travel time spent in this place.
 C = Inter-level travel time spent in this place.
 D = Time resting spent in this place.
 E = Time spent auto-exploring this place.
 F = Levels seen in this place.
 G = Mean time per level.
                   A        B        C        D        E       F      G
               +--------+--------+--------+--------+--------+-----+--------+
         Total |   4391 |   4347 |     44 |    727 |   3108 |   4 | 1097.8 |
       Dungeon |   4391 |   4347 |     44 |    727 |   3108 |   4 | 1097.8 |
               +--------+--------+--------+--------+--------+-----+--------+

Top non-repeatable levels by time:
     D:1: 1314 daAuts
     D:2: 1148 daAuts
     D:4: 972 daAuts
     D:3: 956 daAuts
